 Dungeon Crawl Stone Soup version 0.29-a0-356-g7bc237e783 (webtiles) character file.

Game seed: 7032458610824860997

233 jaega1 the Cudgeller (level 6, 0/59 HPs)
             Began as an Ogre Gladiator on Apr 25, 2022.
             Was a Follower of Kikubaaqudgha.
             Slain by a gnoll
             ... wielding a +0 club
              (4 damage)
             ... on level 2 of the Dungeon.
             The game lasted 00:09:42 (3132 turns).

jaega1 the Cudgeller (Ogre Gladiator)               Turns: 3132, Time: 00:09:42

Health: 0/59       AC:  4    Str: 19    XL:     6   Next: 4%
Magic:  6/6        EV: 10    Int: 11    God:    Kikubaaqudgha [*.....]
Gold:   130        SH:  0    Dex: 10    Spells: 4/5 levels left

rFire   + . .      SeeInvis .   a - +1 flail
rCold   + . .      Faith    .   (no shield)
rNeg    . . .      Spirit   .   r - +1 robe {rC+}
rPois   .          Reflect  .   c - +0 hat
rElec   .          Harm     .   (no cloak)
rCorr   .          Rampage  .   (gloves unavailable)
Will    .....                   (boots unavailable)
Stlth   +.........              (no amulet)
HPRegen 0.19/turn               f - ring of protection from fire
MPRegen 0.10/turn               (no ring)

@: no status effects
A: large, unfitting armour, tough skin 1
a: Renounce Religion, Receive Corpses


You were on level 2 of the Dungeon.
You worshipped Kikubaaqudgha.
Kikubaaqudgha was aware of your devotion.
You visited 1 branch of the dungeon, and saw 2 of its levels.

You collected 130 gold pieces.

Inventory:

Hand Weapons
 a - a +1 flail (weapon)
Missiles
 d - 3 throwing nets
 n - 62 stones
 q - a large rock (quivered)
Armour
 c - a +0 hat (worn)
 r - a +1 robe of cold resistance (worn)
Jewellery
 f - a ring of protection from fire (left hand)
 o - a ring of fire
Wands
 e - a wand of flame (12)
Scrolls
 g - a scroll of vulnerability
 j - a scroll of identify {unknown}
 l - 3 scrolls of holy word {unknown}
Potions
 h - a potion of lignification {unknown}
 i - a potion of flight
 k - 3 potions of curing
 m - a potion of cancellation {unknown}
 p - a potion of mutation {unknown}
 s - 2 potions of attraction


   Skills:
 - Level 2.6 Fighting
 * Level 5.9 Maces & Flails
 + Level 2.0 Throwing
 - Level 2.6 Dodging


You had 4 spell levels left.
You knew the following spells:

 Your Spells              Type           Power      Damage    Failure   Level
a - Animate Skeleton      Necr           0%         N/A       34%         1

Your spell library contained the following spells:

 Spells                   Type           Power      Damage    Failure   Level
 Sublimation of Blood     Necr           0%         N/A       47%         2
 Vampiric Draining        Necr           0%         2d6       71%         3
 Agony                    Necr           0%         N/A       100%        5


Dungeon Overview and Level Annotations

Branches:
Dungeon (2/15)

Altars:
Dithmenos
Kikubaaqudgha

Annotations:
D:2 Terence


Innate Abilities, Weirdness & Mutations

You are too large for most types of armour.
You have tough skin. (AC +1)


Message History

The gnoll shouts!
Things that are here:
a +0 club; a gnoll corpse Your gnoll skeleton closely misses the gnoll.
The gnoll hits your gnoll skeleton with a +0 club.
Your gnoll skeleton is destroyed!
There is an open door here.
The gnoll hits you with a +0 club! The gnoll barely misses you.
The gnoll hits you with a +0 club.
* * * LOW HITPOINT WARNING * * *
The gnoll attacks as you move away! The gnoll barely misses you.
The dart slug launches a dart at you.
The slug dart hits you but does no damage.
You see here a bat corpse.
The gnoll attacks as you move away! The gnoll closely misses you.
The gnoll attacks as you move away! The gnoll hits you but does no damage.
The gnoll attacks as you move away! The gnoll hits you with a +0 club.
* * * LOW HITPOINT WARNING * * *
The gnoll attacks as you move away! The gnoll hits you with a +0 club.
* * * LOW HITPOINT WARNING * * *
The gnoll attacks as you move away! The gnoll hits you with a +0 club.
* * * LOW HITPOINT WARNING * * *
The gnoll attacks as you move away! The gnoll closely misses you.
You barely miss the gnoll. The gnoll hits you with a +0 club.
* * * LOW HITPOINT WARNING * * *
You hit the gnoll.
The gnoll is lightly wounded.
The gnoll hits you with a +0 club.
* * * LOW HITPOINT WARNING * * *
You feel better. The gnoll closely misses you.
You hit the gnoll.
The gnoll is moderately wounded.
The gnoll hits you with a +0 club.
* * * LOW HITPOINT WARNING * * *
You hit the gnoll but do no damage.
The gnoll is moderately wounded.
The gnoll hits you with a +0 club.
You die...
Kikubaaqudgha rasps: "You have failed me!
Welcome... death!"

# #.....####.#
###.....##...#
.##...).##.#.#
.##.....##.#######
.##.....##.......#
.##.....########.#
.##.....########.#
###.....g†w....#.#
####'#######.#@###
#.# #.#.g.#
######g# #.###.#
...g...# #.....#
##)####### #######
.)........
..###..### ..# .#
### ..


You could see a gnoll.

Vanquished Creatures
  Sigmund (D:2)
  A gnoll (D:2)
  An adder (D:2)
  An orc (D:2)
  8 endoplasms
  2 giant cockroaches
  5 goblins
  4 hobgoblins
  3 quokkas (D:2)
  3 ball pythons
  3 bats
  3 frilled lizards (D:1)
  3 kobolds
  7 rats
45 creatures vanquished.

Vanquished Creatures (collateral kills)
  A gnoll (D:2)
  A rat (D:2)
2 creatures vanquished.

Grand Total: 47 creatures vanquished

Notes
Turn   | Place    | Note
-------+----------+-------------------------------------------
     0 | D:1      | jaega1 the Ogre Gladiator began the quest for the Orb.
     0 | D:1      | Reached XP level 1. HP: 22/22 MP: 1/1
   215 | D:1      | Reached skill level 3 in Maces & Flails
   223 | D:1      | Reached XP level 2. HP: 7/29 MP: 2/2
   997 | D:1      | Reached XP level 3. HP: 31/36 MP: 3/3
  1289 | D:1      | Found a faded altar of an unknown god.
  1296 | D:1      | Prayed at the altar of an unknown god.
  1296 | D:1      | Became a worshipper of Kikubaaqudgha
  1296 | D:1      | Reached * piety under Kikubaaqudgha
  1296 | D:1      | Received a gift from Kikubaaqudgha
  1303 | D:1      | Learned a level 1 spell: Animate Skeleton
  1816 | D:2      | Noticed Terence
  2522 | D:2      | Found a shadowy altar of Dithmenos.
  2552 | D:2      | Reached skill level 4 in Maces & Flails
  2896 | D:2      | Noticed Sigmund
  2904 | D:2      | Killed Sigmund
  2905 | D:2      | Reached skill level 5 in Maces & Flails
  2905 | D:2      | Reached XP level 4. HP: 32/44 MP: 4/4
  2905 | D:2      | Reached XP level 5. HP: 37/50 MP: 5/5
  3091 | D:2      | Reached XP level 6. HP: 29/59 MP: 4/6
  3128 | D:2      | HP: 2/59 [gnoll/+0 club (2)]
  3132 | D:2      | Slain by a gnoll

Illustrated notes

Levels and vault maps discovered:
D:1:      scummos_arrival_star, layout_loops_cross, serial_aquarium,
          aquarium_bridge_square [aquarium_subvault_wall,
          aquarium_subvault_balcony, aquarium_subvault_balcony,
          aquarium_subvault_bridge], aquarium_window_double,
          aquarium_window_corner, aquarium_window_1, aquarium_view_2f,
          dreamdust_ecumenical_altar_hidden_monk_grotto, st_stairs_3,
          minmay_octomino_c4
D:2:      layout_basic, basic_altar, minmay_misc_feat_more_columns,
          uniq_terence, uniq_sigmund

Skill      XL: |  1  2  3 |
---------------+----------+-----
Maces & Flails | 3 5 |  5.9
Fighting       | |  2.6
Throwing       | |  2.0
Dodging        | |  2.6

Action                   |  1- 3 |  4- 6 || total
-------------------------+-------+-------++-------
Melee: Flail             |   103 |    16 ||   119
Throw: Large rock        |     2 |       ||     2
 Cast: Animate Skeleton  |     2 |     2 ||     4
Invok: Receive Corpses   |     1 |       ||     1
  Use: Scroll            |     5 |       ||     5
       Potion            |     3 |     1 ||     4
Armor: Robe              |    40 |     3 ||    43
Dodge: Dodged            |    66 |     8 ||    74

Table legend: (Time is in decaauts)
 A = Elapsed time spent in this place.
 B = Non-inter-level travel time spent in this place.
 C = Inter-level travel time spent in this place.
 D = Time resting spent in this place.
 E = Time spent auto-exploring this place.
 F = Levels seen in this place.
 G = Mean time per level.
                   A        B        C        D        E       F      G
               +--------+--------+--------+--------+--------+-----+--------+
         Total |   3159 |   3040 |    119 |   1375 |    929 |   2 | 1579.5 |
       Dungeon |   3159 |   3040 |    119 |   1375 |    929 |   2 | 1579.5 |
               +--------+--------+--------+--------+--------+-----+--------+

Top non-repeatable levels by time:
     D:1: 1848 daAuts
     D:2: 1310 daAuts
